 Dungeon Crawl Stone Soup version 0.31.0-12-g77e489cdc1 (webtiles) character file.

Game seed: 9202530157086604071

79 Doomgape the Trooper (level 4, -6/29 HPs)
             Began as a Gargoyle Fighter on Feb 26, 2024.
             Killed by divine providence
             ... invoked by an orc priest
              (15 damage)
             ... on level 3 of the Dungeon.
             The game lasted 00:04:27 (2085 turns).

Doomgape the Trooper (Gargoyle Fighter)             Turns: 2085, Time: 00:04:28

Health: -6/29      AC: 22    Str: 21    XL:     4   Next: 38%
Magic:  4/4        EV:  6    Int:  9    God:
Gold:   120        SH:  4    Dex:  9    Spells: 3/3 levels left

rFire   . . .        a - +0 flail (protect)
rCold   . . .        c - +0 buckler
rNeg    + . .        i - +0 plate armour
rPois   ∞            (no helmet)
rElec   +            (no cloak)
rCorr   .            (no gloves)
SInv    .            (no boots)
Will    .....        (no amulet) Stlth
                     (no ring)
HPRegen 0.24/turn    (no ring)
MPRegen 0.09/turn

%: no passive effects
@: under a protective aura
A: sickness immunity, AC +3, negative energy resistance 1, electricity
resistance, torment resistance 1, petrification resistance
a: no special abilities


You were on level 3 of the Dungeon.
You visited 1 branch of the dungeon, and saw 3 of its levels.

You collected 120 gold pieces.

Inventory:

Hand Weapons
 a - a +0 flail of protection (weapon)
Armour
 c - a +0 buckler (worn)
 i - a +0 plate armour (worn)
Scrolls
 e - a scroll of brand weapon
 f - 2 scrolls of identify
 g - 2 scrolls of fog {unknown}
 j - a scroll of revelation {unknown}
 l - a scroll of poison {unknown}
 o - a scroll of vulnerability {unknown}
Potions
 b - 3 potions of curing
 d - 2 potions of might
 h - a potion of mutation {unknown}
 k - a potion of haste {unknown}
 m - a potion of ambrosia {unknown}
 n - a potion of resistance {unknown}


   Skills:
 + Level 4.0 Fighting
 + Level 2.8 Maces & Flails
 + Level 3.9 Armour
 + Level 3.9 Shields


You had 3 spell levels left.
You didn't know any spells.
Your spell library contained the following spells:

 Spells                   Type           Power      Damage    Failure   Level
 Dazzling Flash           Conj/Hex       0%         N/A       100%        3
 Metabolic Englaciation   Hex/Ice        0%         N/A       100%        5
 Plasma Beam              Fire/Air       0%         2x1d10    100%        6


Dungeon Overview and Level Annotations

Branches:
Dungeon (3/15)

Altars:


Innate Abilities, Weirdness & Mutations

You are immune to sickness and miasma.
Your stone body is resilient. (AC +3)
You are immune to poison.
You resist negative energy. (rN+)
You are resistant to electric shocks. (rElec)
You are resistant to unholy torment.
You are immune to petrification.


Message History

The orc hits you but does no damage. You block the orc's attack.
You barely miss the orc.
The orc is lightly wounded.
You block the orc's attack.
You sock the orc!
Your weapon exudes an aura of protection.
You kill the orc!
Your Fighting skill increases to level 4!
An orc priest comes into view. It is wielding a +0 dagger.
The orc priest shouts!
You hear a shout!
The orc priest moves out of view.
You hear a shout!
Things that are here:
a +0 war axe; a +0 leather armour You hear a shout!
An orc priest is nearby!
The orc priest hits you but does no damage.
An orc comes into view. It is wielding a +0 hand axe.
You sock the orc priest!
Your weapon exudes an aura of protection.
The orc priest is heavily wounded.
The orc priest calls down the wrath of Beogh upon you.
Beogh smites you!
You barely miss the orc priest.
The orc priest is heavily wounded.
The orc priest calls down the wrath of Beogh upon you.
Beogh smites you!
* * * LOW HITPOINT WARNING * * *
An orc comes into view. It is wielding a +0 short sword.
You hear a shout!
You sock the orc!
You kill the orc!
The orc priest casts a cantrip, but nothing happens.
Unknown command.
You feel better.
An orc comes into view. It is wielding a +0 hand axe.
The orc priest calls down the wrath of Beogh upon you.
Beogh smites you!
Ouch! That really hurt!
You die...

#. # #.. . #.#
#.#.#########
#.#.#.......#
#.....@oo.# #
###.######.#.###o#
#.#..........).#
.#.#.#.######.###
............#.#
##.#.###......#
..............#
##.##.###....##
#.##.#.......#


You could see an orc priest and 2 orcs.

Vanquished Creatures
  Natasha (D:3)
  3 dart slugs
  A ribbon worm (D:2)
  2 orcs (D:3)
  3 endoplasms
  3 goblins (D:2)
  4 hobgoblins
  7 jackals (D:2)
  3 kobolds
  4 ball pythons
  3 bats
  2 frilled lizards
  6 rats
42 creatures vanquished.

Notes
Turn   | Place    | Note
-------+----------+-------------------------------------------
     0 | D:1      | Doomgape the Gargoyle Fighter began the quest for the Orb.
     0 | D:1      | Reached XP level 1. HP: 14/14 MP: 1/1
   111 | D:1      | Got Nesig's Quarto of the Flammable Sphinx
   286 | D:1      | Reached XP level 2. HP: 19/19 MP: 2/2
  1176 | D:2      | Reached XP level 3. HP: 23/23 MP: 3/3
  1948 | D:3      | Noticed Natasha
  1958 | D:3      | Killed Natasha
  1959 | D:3      | Reached XP level 4. HP: 19/29 MP: 4/4
  2079 | D:3      | Reached skill level 4 in Fighting
  2085 | D:3      | Killed from afar by an orc priest

Illustrated notes

Levels and vault maps discovered:
D:1:      amcnicky_arrival_double_pillar, layout_loops_corners,
          hangedman_glass_teeth, chequers_decorated_corner,
          minmay_misc_feat_cross
D:2:      layout_loops_corners, columned_hall_lemuel
D:3:      layout_basic, mainiacjoe_overflow_alcove_1, uniq_natasha

Skill      XL: |  1  2  3  4 |
---------------+-------------+-----
Fighting       | 4 |  4.0
Maces & Flails | |  2.8
Armour         | |  3.9
Shields        | |  3.9

Action                     |  1- 3 |  4- 6 || total
---------------------------+-------+-------++-------
  Melee: Flail             |   126 |    25 ||   151
    Use: Scroll            |     2 |       ||     2
         Potion            |       |     1 ||     1
 Armour: Scale mail        |    31 |       ||    31
         Plate armour      |   137 |    13 ||   150
  Dodge: Dodged            |    66 |     3 ||    69
  Block: Buckler           |    26 |     9 ||    35
